 Dungeon Crawl Stone Soup version 0.18-b1-10-g3f7de93 (webtiles) character file.

1643 dobroeutro the Basher (level 8, -9/54 HPs)
             Began as a Gargoyle Fighter on Apr 29, 2016.
             Was an Initiate of Okawaru.
             Mangled by an ice beast (14 damage)
             ... on level 6 of the Dungeon.
             The game lasted 00:08:31 (4891 turns).

dobroeutro the Basher (Gargoyle Fighter)            Turns: 4891, Time: 00:08:32

Health: -9/54      AC: 15    Str: 21    XL:     8   Next: 99%
Magic:  8/8        EV:  7    Int: 10    God:    Okawaru [......]
Gold:   229        SH: 10    Dex:  9    Spells: 0 memorised, 7 levels left

rFire  . . .     SeeInvis .     a - +1 flail
rCold  . . .     Gourm    .     b - +0 scale mail
rNeg   + . .     Faith    .     c - +1 shield
rPois  ∞         Spirit   .     (no helmet)
rElec  +         Dismiss  .     v - +0 cloak
rCorr  .         Reflect  .     x - +0 pair of gloves
SustAt .         Harm     .     (no boots)
MR     .....                    (no amulet)
Stlth  ..........               (no ring)
                                (no ring)

@: not resistant to hostile enchantments, extremely unstealthy
A: negative energy resistance 1, shaggy fur 1, electricity resistance,
unbreathing, petrification resistance, rot immunity, AC +5
a: Renounce Religion


You were on level 6 of the Dungeon.
You worshipped Okawaru.
Okawaru was noncommittal.
You were near starving.

You visited 2 branches of the dungeon, and saw 7 of its levels.

You collected 229 gold pieces.

Inventory:

Hand Weapons
 a - a +1 flail (weapon)
Armour
 b - a +0 scale mail (worn)
 c - a +1 shield (worn)
 v - a +0 cloak (worn)
 x - a +0 pair of gloves (worn)
Scrolls
 g - a scroll of remove curse
 h - 2 scrolls of identify
 o - 2 scrolls of enchant armour
 s - a scroll of recharging
 C - a scroll of fear {unknown}
 D - a scroll of fog {unknown}
Potions
 d - 2 potions of might
 e - 2 potions of haste
 k - a potion of brilliance
 l - a potion of agility
 t - a potion of invisibility
 u - a potion of berserk rage
 w - a potion of lignification
 z - a potion of degeneration {unknown}
 F - a potion of magic
Comestibles
 f - 5 bread rations
 i - a royal jelly
 j - 2 meat rations
 p - a fruit


   Skills:
 + Level 7.7 Fighting
 * Level 9.2 Maces & Flails
 - Level 3.2 Armour
 - Level 3.2 Shields


You had 7 spell levels left.
You didn't know any spells.

Dungeon Overview and Level Annotations

Branches:
Dungeon (6/15)             Temple (1/1) D:5

Altars:
Dithmenos
Elyvilon
Kikubaaqudgha
Makhleb
Nemelex Xobeh
Okawaru
Ru
Trog
Zin
The Shining One

Shops:
D:5 ?


Innate Abilities, Weirdness & Mutations

You are resistant to torment.
Your stone body is resilient (AC +5).
You are immune to poison.
You resist negative energy.
You are resistant to electric shocks.
You can survive without breathing.
You are immune to petrification.
You are immune to rotting.
You are covered in fur (AC +1).


Message History

The orc wizard casts a spell at you. The magic dart hits you!
* * * LOW HITPOINT WARNING * * *
You sock the orc wizard!
The orc wizard is almost dead.
You block the orc wizard's attack. You block the ice beast's attack.
You barely miss the orc wizard.
The orc wizard is almost dead.
You block the orc wizard's attack. The ice beast barely misses you.
The orc wizard hits you but does no damage.
You hit the orc wizard.
You kill the orc wizard!
Okawaru accepts your kill.
The ice beast hits you but does no damage.
You hit the ice beast.
The ice beast is severely wounded.
The ice beast hits you.
* * * LOW HITPOINT WARNING * * *
The ice beast freezes you!
You die...

#.#,*##...#**# *,,,,,,,,,
*..#*#....# ****,,***,,,,
**#.###.o.#**,,,,,,****,,
*#.#.#..#*,,,,,,,,,,,,,
*#§###....,,,,,,,,,,,,
#.# ######*******,,,, #.#
*********,,**
#o#######...,,,,,,,*
#.oY@)....#*******.##
########### *... *#.. ###


You could see an ice beast and 2 orc wizards.

Vanquished Creatures
  The ghost of solomonrf the Cudgeler, an amateur MiBe of Trog (D:5)
  Grinder (D:3)
  Sigmund (D:3)
  An ice beast (D:5)
  2 phantoms
  2 ogres
  A centaur (D:5)
  A scorpion (D:5)
  A howler monkey (D:4)
  3 hounds
  An orc wizard (D:6)
  A giant frog skeleton (D:4)
  Ijyb (D:3)
  Terence (D:2)
  2 worker ants
  4 gnolls
  10 adders
  A howler monkey skeleton (D:5)
  A worm (D:2)
  3 dart slugs
  3 giant geckos
  2 orcs (D:5)
  A ball python (D:3)
  5 giant cockroaches
  3 goblins
  8 hobgoblins
  4 jackals (D:2)
  3 quokkas
  7 bats
  A giant gecko skeleton (D:4)
  4 giant newts
  7 kobolds
  A quokka skeleton (D:4)
  9 rats
97 creatures vanquished.

Notes
Turn   | Place    | Note
--------------------------------------------------------------
     0 | D:1      | dobroeutro the Gargoyle Fighter began the quest for the Orb.
     0 | D:1      | Reached XP level 1. HP: 14/14 MP: 1/1
    96 | D:1      | Reached XP level 2. HP: 19/19 MP: 2/2
   565 | D:1      | Reached XP level 3. HP: 24/24 MP: 3/3
   776 | D:2      | Reached skill level 3 in Maces & Flails
   870 | D:2      | Found a shadowy altar of Dithmenos.
   993 | D:2      | Noticed Terence
  1007 | D:2      | Killed Terence
  1007 | D:2      | Reached XP level 4. HP: 29/29 MP: 4/4
  1627 | D:3      | Noticed Ijyb
  1649 | D:3      | Killed Ijyb
  1649 | D:3      | Reached skill level 4 in Maces & Flails
  1664 | D:3      | Reached XP level 5. HP: 32/34 MP: 5/5
  1693 | D:3      | Noticed Sigmund
  1699 | D:3      | Noticed Grinder
  2243 | D:3      | Killed Sigmund
  2243 | D:3      | Reached skill level 5 in Fighting
  2243 | D:3      | Reached skill level 5 in Maces & Flails
  2243 | D:3      | Reached XP level 6. HP: 30/40 MP: 6/6
  2285 | D:3      | Paralysed by Grinder for 3 turns
  2295 | D:3      | Killed Grinder
  2295 | D:3      | Reached skill level 6 in Maces & Flails
  2295 | D:3      | Reached XP level 7. HP: 25/45 MP: 7/7
  2899 | D:3      | Reached skill level 7 in Maces & Flails
  3096 | D:4      | Reached XP level 8. HP: 40/52 MP: 8/8
  3635 | D:5      | Entered Level 5 of the Dungeon
  3742 | D:5      | Noticed solomonrf's ghost (amateur MiBe)
  3788 | D:5      | Killed solomonrf's ghost
  3788 | D:5      | Reached skill level 8 in Maces & Flails
  4092 | D:5      | Found Cos Maba's Magic Scroll Boutique.
  4119 | D:5      | Found a white marble altar of Elyvilon.
  4236 | D:5      | Gained mutation: You are covered in fur (AC +1). [potion of mutation]
  4236 | D:5      | Gained mutation: Your muscles are strong. (Str +2) [potion of mutation]
  4236 | D:5      | Lost mutation: Your muscles are strong. (Str +2) [potion of mutation]
  4303 | D:5      | Reached skill level 9 in Maces & Flails
  4406 | D:5      | Found a staircase to the Ecumenical Temple.
  4558 | Temple   | Entered the Ecumenical Temple
  4591 | Temple   | Became a worshipper of Warmaster Okawaru
  4868 | D:6      | HP: 1/54 [orc wizard/magic dart (5)]
  4891 | D:6      | Mangled by an ice beast

Skill      XL: |  1  2  3  4  5  6  7  8 |
---------------+-------------------------+-----
Maces & Flails | 3 4 5 6 7 9 |  9.2
Fighting       | 4 5 6 7 |  7.7
Armour         | |  3.2
Shields        | |  3.2

Action                   |  1- 3 |  4- 6 |  7- 9 || total
-------------------------+-------+-------+-------++-------
Melee: Flail             |   121 |   142 |   267 ||   530
  Use: Potion            |       |       |     3 ||     3
       Scroll            |       |       |    16 ||    16
  Eat: Chunk             |       |     5 |     7 ||    12
Armor: Scale mail        |    64 |   119 |   165 ||   348
       Skin              |       |       |     3 ||     3
Dodge: Dodged            |    38 |    71 |    85 ||   194
Block: Shield            |    56 |   115 |   139 ||   310
